[ PARTIDA AOE2 · #466599062 ]
1v1 RMItalianos vs Mapuche
Equipo del jugador · DERR
Equipo rival · VICT
[ ANÁLISIS DE REPETICIÓN · EXTRAÍDO DE LA PARTIDA GRABADA ]
Feudal
11:04
Castillos
16:53
Imperial
36:07
| APM promedio | 27.9 |
| APM pico | 68 |
| eAPM promedio | 18.7 |
| Aldeanos / militares | 80 / 49 |
Foco
⚔️ 15.3% · 🌾 84.7%
Genoese Crossbowman ×29 · Archer ×15 · Trebuchet (Packed) ×3 · Mangonel ×2
Feudal
11:17
Castillos
20:41
Imperial
—
| APM promedio | 20.2 |
| APM pico | 74 |
| eAPM promedio | 11.5 |
| Aldeanos / militares | 50 / 141 |
Foco
⚔️ 27.6% · 🌾 72.4%
Kona ×114 · Battering Ram ×16 · Mangonel ×10 · Monk ×1
Mapa de la partida
Recursos iniciales + cada clic de construcción. Líneas = muros · curvas = relieve. ◆ oro · ⬟ piedra · ● bayas · ✦ reliquia · ◌ hueco del cierre
Tu base· ✓ Cerrada en 16:53 · 7t muro · sin puerta
Base de san_te· ✓ Cerrada en 20:41 · 1t muro · 2 puerta(s)
Terreno inicial suavizado · ◌ = hueco del cierre detectado · pasá el cursor para detalles
Inputs por minuto
— Conchy_joe - - san_te
Build order — Conchy_joe
Primeras 150 de 212 acciones detectadas
| 0:03 | Construir | House |
| 0:05 | Construir | House |
| 0:05 | Crear | Villager (Male) |
| 0:06 | Crear | Villager (Male) |
| 0:14 | Crear | Villager (Male) |
| 0:15 | Crear | Villager (Male) |
| 1:29 | Crear | Villager (Male) |
| 1:56 | Construir | Lumber Camp |
| 2:10 | Crear | Villager (Male) |
| 2:35 | Crear | Villager (Male) |
| 2:35 | Crear | Villager (Male) |
| 2:52 | Construir | House |
| 2:59 | Crear | Villager (Male) |
| 3:00 | Crear | Villager (Male) |
| 3:21 | Crear | Villager (Male) |
| 3:22 | Crear | Villager (Male) |
| 3:48 | Construir | House |
| 4:48 | Construir | Palisade Wall |
| 5:12 | Crear | Villager (Male) |
| 5:12 | Crear | Villager (Male) |
| 5:43 | Crear | Villager (Male) |
| 6:00 | Construir | Barracks |
| 6:19 | Crear | Villager (Male) |
| 6:23 | Crear | Villager (Male) |
| 6:24 | Crear | Villager (Male) |
| 7:15 | Construir | Mill |
| 7:31 | Crear | Villager (Male) |
| 8:33 | Construir | Farm |
| 8:54 | Investigar | Feudal Age |
| 9:21 | Crear | Villager (Male) |
| 9:21 | Crear | Villager (Male) |
| 10:39 | Crear | Villager (Male) |
| 11:04 | Edad | Edad Feudal |
| 11:10 | Construir | Blacksmith |
| 11:19 | Construir | Archery Range |
| 11:30 | Crear | Villager (Male) |
| 11:49 | Construir | Mining Camp |
| 11:53 | Crear | Villager (Male) |
| 12:00 | Construir | House |
| 12:23 | Construir | Farm |
| 12:32 | Construir | Farm |
| 12:34 | Construir | Farm |
| 12:52 | Construir | Farm |
| 13:02 | Crear | Villager (Male) |
| 13:16 | Construir | Farm |
| 13:38 | Investigar | Loom |
| 14:13 | Investigar | Castle Age |
| 14:29 | Construir | Mining Camp |
| 14:35 | Investigar | Double-Bit Axe |
| 14:41 | Crear | Archer |
| 14:42 | Crear | Archer |
| 14:55 | Investigar | Horse Collar |
| 15:21 | Crear | Archer |
| 15:37 | Construir | House |
| 15:52 | Investigar | Wheelbarrow |
| 15:57 | Crear | Archer |
| 16:07 | Construir | Farm |
| 16:12 | Crear | Villager (Male) |
| 16:13 | Crear | Villager (Male) |
| 16:18 | Construir | House |
| 16:47 | Investigar | Fletching |
| 16:53 | Edad | Edad de los Castillos |
| 17:18 | Crear | Villager (Male) |
| 17:19 | Crear | Villager (Male) |
| 17:20 | Crear | Villager (Male) |
| 17:29 | Construir | Town Center |
| 17:36 | Crear | Archer |
| 17:36 | Crear | Archer |
| 17:36 | Crear | Archer |
| 17:54 | Crear | Villager (Male) |
| 18:19 | Crear | Archer |
| 18:20 | Crear | Archer |
| 18:40 | Crear | Villager (Male) |
| 18:41 | Crear | Villager (Male) |
| 18:46 | Crear | Villager (Male) |
| 18:54 | Crear | Villager (Male) |
| 18:59 | Crear | Archer |
| 19:00 | Crear | Archer |
| 19:04 | Construir | Farm |
| 19:14 | Crear | Archer |
| 19:26 | Investigar | Gold Mining |
| 19:29 | Construir | Farm |
| 19:43 | Construir | Farm |
| 19:47 | Crear | Villager (Male) |
| 20:00 | Construir | Farm |
| 20:02 | Crear | Villager (Male) |
| 20:07 | Crear | Villager (Male) |
| 20:28 | Crear | Archer |
| 20:31 | Crear | Villager (Male) |
| 20:39 | Crear | Villager (Male) |
| 20:46 | Construir | House |
| 20:47 | Construir | House |
| 20:58 | Investigar | Padded Archer Armor |
| 21:15 | Construir | Town Center |
| 21:18 | Crear | Villager (Male) |
| 21:18 | Crear | Villager (Male) |
| 21:28 | Construir | House |
| 21:30 | Construir | House |
| 21:42 | Crear | Villager (Male) |
| 21:44 | Crear | Villager (Male) |
| 21:56 | Crear | Archer |
| 21:56 | Crear | Archer |
| 22:07 | Construir | Farm |
| 22:09 | Crear | Villager (Male) |
| 22:12 | Construir | Farm |
| 22:23 | Construir | House |
| 22:24 | Construir | House |
| 22:27 | Crear | Villager (Male) |
| 22:28 | Crear | Villager (Male) |
| 22:36 | Construir | Farm |
| 22:47 | Construir | Farm |
| 23:01 | Construir | Farm |
| 23:16 | Investigar | Heavy Plow |
| 23:30 | Construir | House |
| 23:51 | Crear | Villager (Male) |
| 23:52 | Crear | Villager (Male) |
| 24:15 | Investigar | Bow Saw |
| 24:35 | Crear | Villager (Male) |
| 24:42 | Construir | Farm |
| 24:43 | Construir | Farm |
| 24:57 | Construir | Lumber Camp |
| 25:04 | Construir | Farm |
| 25:09 | Crear | Villager (Male) |
| 25:38 | Construir | University |
| 26:11 | Construir | Stone Wall |
| 26:59 | Investigar | Crossbowman (upgrade) |
| 27:39 | Investigar | Bodkin Arrow |
| 28:32 | Construir | Castle |
| 28:33 | Crear | Villager (Male) |
| 28:34 | Crear | Villager (Male) |
| 28:34 | Crear | Villager (Male) |
| 28:35 | Crear | Villager (Male) |
| 28:42 | Investigar | Hand Cart |
| 28:50 | Investigar | Ballistics |
| 29:12 | Investigar | Leather Archer Armor |
| 29:24 | Crear | Genoese Crossbowman |
| 29:24 | Crear | Genoese Crossbowman |
| 29:25 | Crear | Genoese Crossbowman |
| 29:25 | Crear | Genoese Crossbowman |
| 29:25 | Crear | Genoese Crossbowman |
| 29:26 | Crear | Genoese Crossbowman |
| 29:26 | Crear | Genoese Crossbowman |
| 29:26 | Crear | Genoese Crossbowman |
| 30:14 | Crear | Genoese Crossbowman |
| 30:14 | Crear | Genoese Crossbowman |
| 30:25 | Crear | Villager (Male) |
| 30:46 | Crear | Genoese Crossbowman |
| 30:46 | Crear | Genoese Crossbowman |
| 31:13 | Crear | Genoese Crossbowman |
| 31:14 | Crear | Genoese Crossbowman |
Build order — san_te
Primeras 150 de 162 acciones detectadas
| 0:02 | Construir | House |
| 0:04 | Construir | House |
| 0:05 | Crear | Villager (Male) ×4 |
| 1:37 | Crear | Villager (Male) |
| 1:55 | Construir | Settlement |
| 2:03 | Crear | Villager (Male) |
| 3:02 | Crear | Villager (Male) |
| 3:03 | Crear | Villager (Male) |
| 3:04 | Crear | Villager (Male) |
| 4:14 | Crear | Villager (Male) |
| 4:14 | Crear | Villager (Male) |
| 4:14 | Crear | Villager (Male) |
| 4:44 | Construir | Settlement |
| 5:22 | Crear | Villager (Male) |
| 5:59 | Crear | Villager (Male) |
| 6:45 | Crear | Villager (Male) |
| 6:52 | Crear | Villager (Male) |
| 7:03 | Construir | Outpost |
| 7:41 | Construir | House |
| 7:55 | Construir | House |
| 7:57 | Construir | House |
| 7:58 | Construir | House |
| 7:59 | Construir | House |
| 8:04 | Crear | Villager (Male) |
| 8:07 | Crear | Villager (Male) |
| 8:26 | Construir | Outpost |
| 9:07 | Investigar | Feudal Age |
| 9:39 | Construir | Palisade Gate |
| 9:56 | Crear | Villager (Male) |
| 9:56 | Crear | Villager (Male) |
| 9:56 | Crear | Villager (Male) |
| 9:57 | Crear | Villager (Male) |
| 10:23 | Construir | Settlement |
| 10:41 | Construir | Palisade Wall |
| 11:17 | Edad | Edad Feudal |
| 11:24 | Construir | Market |
| 11:31 | Construir | Blacksmith |
| 11:35 | Crear | Villager (Male) |
| 11:35 | Crear | Villager (Male) |
| 11:35 | Crear | Villager (Male) |
| 11:57 | Investigar | Double-Bit Axe |
| 12:30 | Construir | Farm |
| 12:54 | Construir | Farm |
| 13:22 | Construir | Farm |
| 13:45 | Investigar | Horse Collar |
| 13:57 | Crear | Villager (Male) |
| 14:15 | Construir | Farm |
| 14:41 | Construir | Farm |
| 14:45 | Crear | Villager (Male) |
| 14:49 | Crear | Villager (Male) |
| 15:02 | Investigar | Gold Mining |
| 15:13 | Construir | Farm |
| 15:42 | Construir | Farm |
| 15:48 | Crear | Villager (Male) |
| 16:16 | Construir | Farm |
| 16:21 | Investigar | Wheelbarrow |
| 16:26 | Crear | Villager (Male) |
| 17:18 | Construir | Gate |
| 17:59 | Investigar | Castle Age |
| 18:04 | Construir | Farm |
| 18:08 | Construir | Farm |
| 19:18 | Construir | Settlement |
| 20:09 | Crear | Villager (Male) |
| 20:09 | Crear | Villager (Male) |
| 20:10 | Crear | Villager (Male) |
| 20:10 | Crear | Villager (Male) |
| 20:41 | Edad | Edad de los Castillos |
| 20:46 | Construir | Town Center |
| 21:09 | Construir | Castle |
| 21:40 | Crear | Villager (Male) |
| 21:40 | Crear | Villager (Male) |
| 21:41 | Crear | Villager (Male) |
| 21:41 | Crear | Villager (Male) |
| 22:10 | Construir | Town Center |
| 22:14 | Investigar | Heavy Plow |
| 22:15 | Investigar | Bow Saw |
| 22:24 | Crear | Villager (Male) |
| 22:25 | Crear | Villager (Male) |
| 22:25 | Crear | Villager (Male) |
| 22:25 | Crear | Villager (Male) |
| 22:53 | Crear | Kona ×4 |
| 22:53 | Crear | Kona ×4 |
| 23:00 | Construir | Farm |
| 23:12 | Crear | Kona |
| 23:18 | Construir | Farm |
| 23:19 | Crear | Villager (Male) |
| 23:19 | Crear | Villager (Male) |
| 23:44 | Construir | Farm |
| 23:47 | Crear | Kona |
| 24:08 | Crear | Kona |
| 24:15 | Construir | Farm |
| 24:18 | Crear | Villager (Male) |
| 24:28 | Crear | Kona |
| 24:37 | Crear | Kona |
| 24:58 | Crear | Kona ×2 |
| 24:58 | Crear | Kona ×2 |
| 25:03 | Construir | Farm |
| 25:10 | Construir | Farm |
| 25:18 | Crear | Villager (Male) |
| 25:18 | Crear | Villager (Male) |
| 25:23 | Crear | Kona |
| 25:23 | Crear | Kona |
| 25:37 | Construir | Monastery |
| 26:03 | Crear | Kona ×3 |
| 26:41 | Crear | Kona ×3 |
| 27:09 | Crear | Kona ×2 |
| 27:20 | Crear | Monk |
| 27:29 | Crear | Kona ×2 |
| 27:43 | Crear | Kona |
| 28:23 | Crear | Kona ×4 |
| 28:51 | Crear | Kona ×2 |
| 28:58 | Crear | Kona |
| 28:59 | Crear | Kona |
| 29:11 | Construir | Castle |
| 29:18 | Crear | Villager (Male) |
| 29:18 | Crear | Villager (Male) |
| 29:18 | Crear | Villager (Male) |
| 29:37 | Crear | Kona ×2 |
| 29:55 | Construir | Settlement |
| 30:03 | Construir | House |
| 30:04 | Construir | House |
| 30:04 | Construir | House |
| 30:05 | Construir | House |
| 30:06 | Construir | House |
| 30:23 | Crear | Kona ×4 |
| 30:41 | Construir | Castle |
| 31:02 | Crear | Kona ×4 |
| 31:20 | Crear | Kona |
| 31:35 | Crear | Kona ×2 |
| 31:35 | Crear | Kona ×2 |
| 32:00 | Crear | Kona ×2 |
| 32:26 | Crear | Kona ×2 |
| 32:41 | Crear | Kona ×2 |
| 32:58 | Construir | Settlement |
| 33:06 | Crear | Kona ×2 |
| 33:33 | Construir | Siege Workshop |
| 34:15 | Construir | Siege Workshop |
| 34:21 | Crear | Battering Ram ×5 |
| 34:35 | Crear | Kona ×5 |
| 34:35 | Crear | Kona ×3 |
| 35:03 | Construir | Siege Workshop |
| 35:25 | Investigar | Malon |
| 35:59 | Crear | Mangonel ×5 |
| 36:31 | Construir | Settlement |
| 37:02 | Crear | Kona ×5 |
| 37:03 | Crear | Kona ×5 |
| 37:03 | Crear | Kona ×4 |
| 37:21 | Crear | Kona ×2 |
| 37:49 | Crear | Battering Ram ×5 |
| 37:49 | Crear | Battering Ram ×2 |
Cronología de la partida
| 4:48 | Conchy_joe · wall_segment Palisade Wall x7 |
| 6:00 | Conchy_joe · first_building Barracks |
| 10:41 | san_te · wall_segment Palisade Wall x1 |
| 11:04 | Conchy_joe · age_up feudal |
| 11:17 | san_te · age_up feudal |
| 11:19 | Conchy_joe · first_building Archery Range |
| 16:53 | Conchy_joe · age_up castle |
| 20:41 | san_te · age_up castle |
| 21:09 | san_te · first_building Castle |
| 25:37 | san_te · first_building Monastery |
| 26:11 | Conchy_joe · wall_segment Stone Wall x12 |
| 28:32 | Conchy_joe · first_building Castle |
| 33:33 | san_te · first_building Siege Workshop |
| 34:02 | Conchy_joe · first_building Siege Workshop |
| 34:12 | Conchy_joe · first_market_sell 100 wood |
| 36:07 | Conchy_joe · age_up imperial |
| 40:32 | Conchy_joe · resign |
[ ANÁLISIS IA · 1 CRÉDITO ]
¿Qué pasó realmente en esta partida?
Wolo.gg analiza cada decisión: build order, eco, micro, errores típicos por bracket. Análisis personalizado por WhatsApp o Discord en 30 segundos.
Guía civ
Italianos
Guía mapa
Glade
Perfil
Jugador #22263165